 Dungeon Crawl Stone Soup version 0.26.1-2-gb8aa6d0cf2 (webtiles) character file.

Game seed: 14030935088849297321

7935 Gadfly the Slicer (level 11, -7/74 HPs)
             Began as a Halfling Fighter on Feb 14, 2021.
             Was a Believer of Okawaru.
             Mangled by an orc warrior
             ... wielding a +0 glaive
              (35 damage)
             ... in a bailey.
             The game lasted 00:20:44 (9531 turns).

Gadfly the Slicer (Halfling Fighter)                Turns: 9531, Time: 00:20:44

Health: -7/74      AC: 21    Str: 22    XL:     11   Next: 46%
Magic:  15/16      EV: 16    Int:  9    God:    Okawaru [**....]
Gold:   244        SH: 11    Dex: 17    Spells: 10/10 levels left

rFire    . . .     SeeInvis .   a - +10 dagger "Lionnig" {elec, rN+ Int+3 Dex+2}
rCold    . . .     Faith    .   C - +3 buckler {rN+}
rNeg     + + .     Spirit   .   o - +0 plate armour
rPois    .         Reflect  .   y - +2 hat
rElec    .         Harm     .   (no cloak)
rCorr    .         Rampage  .   (no gloves)
Will     .....                  (no boots)
Stlth    ..........             (no amulet)
HPRegen  0.22/turn              m - +4 ring of protection
MPRegen  0.15/turn              q - +4 ring of evasion

@: heroism
A: small, mutation resistance 1, strong 1
a: Renounce Religion, Heroism


You were in a bailey.
You worshipped Okawaru.
Okawaru was pleased with you.
You visited 2 branches of the dungeon, and saw 10 of its levels.
You also visited: Ossuary and Bailey.

You collected 694 gold pieces.
You spent 450 gold pieces at shops.

Inventory:

Hand Weapons
 a - the +10 dagger "Lionnig" (weapon) {elec, rN+ Int+3 Dex+2}
   (You took it off a big kobold on level 5 of the Dungeon)

   Occasionally, upon striking a foe, it can discharge electrical energy and
   cause terrible harm.
   It affects your intelligence (+3).
   It affects your dexterity (+2).
   It protects you from negative energy.
 b - a +2 fustibalus of flaming
 w - a +0 rapier
 z - the +7 dagger "Muifiz" {vorpal, *Rage Str+6}
   (You found it on level 5 of the Dungeon)

   It inflicts extra damage upon your enemies.
   It affects your strength (+6).
   It may make you go berserk in combat.
 A - a +3 short sword of venom
Missiles
 f - 285 stones
 h - 59 sling bullets
Armour
 c - a +0 kite shield
 o - a +0 plate armour (worn)
 y - a +2 hat (worn)
 C - a +3 buckler of positive energy (worn)
Jewellery
 j - a +4 ring of protection
 m - a +4 ring of protection (left hand)
 q - a +4 ring of evasion (right hand)
Wands
 r - a wand of acid (5) (quivered)
 x - a wand of disintegration (10)
Scrolls
 g - 2 scrolls of fear
 i - 8 scrolls of remove curse
 k - 3 scrolls of teleportation
 p - 3 scrolls of blinking
 B - 2 scrolls of identify
 E - a scroll of fog
 F - a scroll of enchant armour
Potions
 d - 2 potions of might
 e - 3 potions of lignification
 n - 2 potions of berserk rage
 s - 2 potions of mutation
 t - 4 potions of curing
 u - a potion of cancellation
 v - a potion of flight
 D - a potion of attraction {unknown}


   Skills:
 + Level 6.8(11.8) Fighting
 * Level 10.2(15.2) Short Blades
 + Level 9.6(14.6) Slings
 + Level 7.2(12.2) Armour
 + Level 7.0(12.0) Shields
 + Level 7.2 Invocations
 + Level 7.4 Evocations


You had 10 spell levels left.
You didn't know any spells.
Your spell library was empty.

Dungeon Overview and Level Annotations

Branches:
Dungeon (9/15)             Temple (1/1) D:6         Ossuary (visited)
 Bailey (1/1)
   Lair: D:8-11         Orc: D:9-12

Altars:
Ashenzari
Cheibriados
Dithmenos
Elyvilon
Fedhas
Gozag
Kikubaaqudgha
Makhleb
Nemelex Xobeh
Okawaru
Ru
Sif Muna
Uskayaw
Vehumet
Wu Jian
Xom
Yredelemnul
Zin
The Shining One
Beogh

Shops:
D:4 (   D:5 }   D:8 [[

Annotations:
D:7 2 transporters, Menkaure
D:8 Maggie


Innate Abilities, Weirdness & Mutations

You are small and have problems with some larger weapons.
You are somewhat resistant to further mutation.
Your muscles are strong. (Str +2)


Message History

The orc knight is almost dead.
The orc warrior hits you from afar with a +0 glaive!
You puncture the orc knight!
Lightning courses through the orc knight!!
You kill the orc knight!
Okawaru accepts your kill. You block the orc warrior's attack. x2
Things that are here:
a +0 halberd; a +0 chain mail; an orc corpse You hit the orc warrior but do no damage.
You closely miss the orc warrior. You block the orc warrior's attack. x2
You hit the orc warrior.
The orc warrior is moderately wounded.
You hit the orc warrior but do no damage.
The orc warrior is moderately wounded.
The orc warrior misses you.
The orc warrior no longer looks unusually strong.
The orc warrior misses you. The orc warrior barely misses you.
The orc warrior hits you with a +0 glaive!!
You die...

≈≈≈.....##....##
........##...o.##
........##'''#..##
....##..##∩)o##..#
....##.####o####.#
....##.')#.o.#)'.#
....##.###.8.###.#
....##.')#).?#)oo#
.... #.#########@#
#..##)#)##..#
##..#'#'#.)##
##.......##
#########


You could see 2 orc warriors.

Vanquished Creatures
  Pikel (D:4)
  An orc knight (Bailey)
  The ghost of Zdeegee the Grave Robber, a novice HONe of Sif Muna (D:5)
  2 trolls (D:9)
  Sigmund (D:5)
  A wyvern (D:9)
  An eye of draining (D:9)
  An ice beast (D:5)
  10 orc warriors
  A black bear (D:6)
  2 ogres (D:7)
  2 centaurs
  2 lemures (D:4)
  6 big kobolds
  5 bullfrogs
  2 scorpions
  5 killer bees (D:9)
  3 wights (D:7)
  2 howler monkeys (D:6)
  4 hounds
  An orc priest (D:6)
  A bullfrog skeleton (D:6)
  2 jellies (D:6)
  7 orc wizards
  2 iguanas (D:5)
  8 worker ants
  The ghost of SmokeWeed the Insei, a weakling MfTm (D:4)
  9 mummies
  2 hound skeletons (D:4)
  A worker ant zombie (D:7)
  10 adders
  2 shadow imps (D:6)
  2 ufetubi
  An adder zombie (D:7)
  2 adder skeletons
  3 worms
  2 dart slugs
  3 leopard geckos
  32 orcs
  4 ball pythons
  6 bats
  7 giant cockroaches
  14 goblins
  4 hobgoblins
  20 jackals
  2 quokkas
  7 frilled lizards
  4 hobgoblin zombies (Ossuary)
  A jackal zombie (D:7)
  23 kobolds
  A kobold zombie (Ossuary)
  3 leopard gecko skeletons
  3 orc zombies (Ossuary)
  A quokka zombie (D:7)
  6 rats
250 creatures vanquished.

Notes
Turn   | Place    | Note
-------+----------+-------------------------------------------
     0 | D:1      | Gadfly the Halfling Fighter began the quest for the Orb.
     0 | D:1      | Reached XP level 1. HP: 15/15 MP: 1/1
   124 | D:1      | Reached XP level 2. HP: 7/20 MP: 2/2
   722 | D:1      | Reached skill level 1 in Invocations
   900 | D:1      | Reached XP level 3. HP: 25/25 MP: 3/3
   904 | D:1      | Reached skill level 1 in Slings
  1064 | D:2      | Reached skill level 1 in Evocations
  1349 | D:2      | Reached skill level 3 in Short Blades
  1636 | D:2      | Reached XP level 4. HP: 23/30 MP: 5/5
  2069 | D:2      | Gained mutation: You are occasionally teleported next to
                  | monsters. [potion of mutation]
  2069 | D:2      | Gained mutation: You are strong-willed. (Will+) [potion of
                  | mutation]
  2070 | D:2      | Lost mutation: You are strong-willed. (Will+) [potion of
                  | mutation]
  2070 | D:2      | Lost mutation: You are occasionally teleported next to
                  | monsters. [potion of mutation]
  2070 | D:2      | Gained mutation: Your muscles are strong. (Str +2) [potion
                  | of mutation]
  2494 | D:3      | Reached XP level 5. HP: 36/36 MP: 6/6
  2740 | D:3      | You fall into a shaft and drop 2 floors!
  2740 | D:5      | Entered Level 5 of the Dungeon
  2863 | D:5      | Got a crude dagger
  2864 | D:5      | Identified the +7 dagger "Muifiz" {vorpal, *Rage Str+6}
                  | (You found it on level 5 of the Dungeon)
  2887 | D:5      | Noticed an ice beast
  2895 | D:5      | Reached XP level 6. HP: 11/42 MP: 7/7
  2901 | D:5      | HP: 1/42 [ice beast (10)]
  2908 | D:5      | Killed an ice beast
  2909 | D:5      | Reached skill level 4 in Short Blades
  3287 | D:5      | Reached XP level 7. HP: 32/46 MP: 9/9
  3411 | D:5      | Found a sand-covered staircase.
  3421 | Ossuary  | Entered an ossuary
  4003 | D:5      | Noticed Sigmund
  4017 | D:5      | Killed Sigmund
  4105 | D:5      | Found Rocej's Gadget Boutique.
  4163 | D:5      | Found a runed translucent gate.
  4163 | D:5      | Found a runed translucent gate.
  4163 | D:5      | Found a runed translucent gate.
  4164 | D:5      | Identified the +10 dagger "Lionnig" {elec, rN+ Int+3 Dex+2}
  4164 | D:5      | Noticed Zdeegee's ghost (novice HONe)
  4324 | D:3      | Reached XP level 8. HP: 52/52 MP: 10/10
  4524 | D:4      | Found a shadowy altar of Dithmenos.
  4547 | D:4      | Reached skill level 5 in Short Blades
  4719 | D:4      | Noticed SmokeWeed's ghost (weakling MfTm)
  4720 | D:4      | Found a runed translucent gate.
  4721 | D:4      | Found a runed translucent gate.
  4732 | D:4      | Found a runed translucent gate.
  4736 | D:4      | Noticed Pikel
  4755 | D:4      | Killed Pikel
  4846 | D:4      | Found a snail-covered altar of Cheibriados.
  4902 | D:4      | Found Quamuc's Antique Weapon Shop.
  5108 | D:4      | Killed SmokeWeed's ghost
  5109 | D:4      | Reached skill level 6 in Short Blades
  5286 | D:4      | Bought a runed fustibalus for 450 gold pieces
  5387 | D:6      | Reached skill level 5 in Invocations
  5387 | D:6      | Reached XP level 9. HP: 58/58 MP: 12/12
  5628 | D:6      | Reached skill level 5 in Armour
  5670 | D:6      | Reached skill level 5 in Shields
  5788 | D:6      | Found a staircase to the Ecumenical Temple.
  5801 | D:6      | Reached skill level 5 in Slings
  5840 | Temple   | Entered the Ecumenical Temple
  6096 | Temple   | Became a worshipper of Warmaster Okawaru
  6679 | D:6      | Reached skill level 9 in Short Blades
  6679 | D:6      | Reached XP level 10. HP: 68/68 MP: 14/14
  6838 | D:5      | Killed Zdeegee's ghost
  7289 | D:7      | Reached * piety under Okawaru
  7484 | D:7      | Found a transporter.
  7491 | D:7      | Noticed a two-headed ogre
  7491 | D:7      | Noticed an ogre mage
  7496 | D:7      | Found a roughly hewn altar of Beogh.
  7496 | D:7      | Found a transporter.
  7496 | D:7      | Noticed Menkaure
  7926 | D:7      | Reached XP level 11. HP: 74/74 MP: 16/16
  8303 | D:7      | Identified a scroll of acquirement
  8304 | D:7      | Acquired a +2 buckler of positive energy
  8598 | D:8      | Found Ratsuk's Armour Shoppe.
  8620 | D:8      | Noticed Maggie
  8622 | D:8      | Found Arommon's Antique Armour Emporium.
  8724 | D:9      | Reached ** piety under Okawaru
  8992 | D:9      | Found a flagged portal.
  9008 | Bailey   | Entered a bailey
  9218 | Bailey   | Reached skill level 10 in Short Blades
  9490 | Bailey   | Noticed an orc knight
  9524 | Bailey   | Killed an orc knight
  9531 | Bailey   | Mangled by an orc warrior

Illustrated notes

Levels and vault maps discovered:
D:1:      dpeg_arrival_three_same_balls, layout_basic, serial_glass,
          glass_columns_c, glass_columns_c
D:2:      layout_basic
D:3:      layout_basic, minmay_close_crescents
D:4:      layout_rooms, nicolae_overflow_crystal_walls, gammafunk_ghost_split,
          serial_shops, shop, minmay_misc_feat_five, cheibriados_altar_1,
          uniq_pikel
D:5:      layout_rooms, gammafunk_ghost_nasty_kobolds,
          gup_ossuary_entry_pyramid, serial_shops, nicolae_shop_crystal,
          sigmund_army
D:6:      layout_loops_corners, minmay_temple_entry_hall, minmay_manual_mail
D:7:      gammafunk_beogh_shrine, layout_loops_corners, uniq_menkaure
D:8:      layout_rooms, chequers_temple_overflow_statue_of_worship,
          serial_shops, shop, shop, nicolae_shop_temple_entry_statues_fountains,
          nicolae_shop_behind_doors, shop_fountains, lemuel_altar_in_water,
          uniq_maggie
D:9:      layout_basic, serial_shops, kennysheep_mini_moat,
          gammafunk_ghost_ooze, enter_bailey_3
Temple:   eino_narrow_crystal_temple
Bailey:   bailey_polearm_2, bailey

Skill      XL: |  1  2  3  4  5  6  7  8  9 10 11 |
---------------+----------------------------------+-----
Invocations    | 1 2 3 5 6 7 |  7.2
Slings         | 1 2 3 4 8 9 |  9.6
Evocations     | 1 2 3 4 6 7 |  7.4
Short Blades   | 3 4 6 9 10 | 10.2
Fighting       | 3 4 6 |  6.8
Armour         | 4 6 7 |  7.2
Shields        | 4 6 7 |  7.0

Action                   |  1- 3 |  4- 6 |  7- 9 | 10-12 || total
-------------------------+-------+-------+-------+-------++-------
Melee: Rapier            |   101 |   130 |     9 |       ||   240
       Dagger            |       |    40 |   195 |   191 ||   426
 Fire: Fustibalus        |       |       |    47 |    95 ||   142
Invok: Heroism           |       |       |       |     1 ||     1
  Use: Scroll            |     3 |     5 |     5 |     4 ||    17
       Potion            |       |     3 |     3 |     5 ||    11
Armor: Scale mail        |    35 |       |       |       ||    35
       Plate armour      |       |    65 |    70 |    68 ||   203
Dodge: Dodged            |    38 |    41 |    37 |    69 ||   185
Block: Kite shield       |    53 |    68 |    97 |    50 ||   268
       Buckler           |       |       |       |    60 ||    60
